Map: Hardwire LE

Players

Brainless

  • Race: Terran Terran
  • League: Diamond
  • Spawn Location: 7:00

Pumba - Winner!

  • Race: Protoss Protoss
  • League: Platinum
  • Spawn Location: 1:00

VOD

Have the link to the VOD?

Description

Time

  • Played on: Feb. 8, 2022, 5:03 p.m.
  • Length: 10:45
Show
View Real Time Build Order
Export as new Build Order

Brainless Terran 

Build Orders:  

Get SALT Encoding   

  12  0:00  SCV  
  13  0:13  SCV  
  14  0:18  Supply Depot  
  14  0:25  SCV  
  15  0:39  SCV  
  15  0:40  Barracks  
  16  0:45  Refinery  
  16  0:52  SCV  
  17  1:04  SCV  
  18  1:16  SCV  
  19  1:30  Marine  
  19  1:32  Orbital Command  
  20  1:44  Command Center  
  20  1:51  Marine  
  21  2:01  SCV  
  22  2:08  Barracks  
  22  2:14  Supply Depot  
  22  2:18  SCV  
  23  2:26  Barracks Tech Lab  
  23  2:36  SCV  
  24  2:37  Barracks  
  24  2:50  Stimpack  
  23  2:55  Marine  
  24  3:00  Bunker, Orbital Command  
  24  3:02  Barracks Tech Lab  
  24  3:07  SCV  
  25  3:19  Marine  
  26  3:25  Barracks Reactor  
  26  3:29  Supply Depot  
  26  3:34  SCV, Engineering Bay  
  26  3:39  Combat Shield  
  27  3:46  SCV  
  27  3:47  SCV  
  29  3:58  Command Center  
  29  4:03  Marine x4  
  29  4:05  Supply Depot  
  33  4:21  Marine x2  
  33  4:22  Marine x2  
  37  4:28  Supply Depot  
  37  4:33  Terran Infantry Weapons Level 1  
  36  4:43  Marine x3  
  36  4:44  Marine  
  40  4:45  SCV  
  40  4:46  SCV  
  42  4:58  SCV x2  
  44  5:01  Marine x3  
  44  5:02  Marine  
  44  5:03  Supply Depot  
  48  5:10  SCV  
  49  5:16  SCV  
  49  5:19  Marine x4  
  54  5:22  Refinery, SCV  
  54  5:26  Factory  
  55  5:28  SCV  
  56  5:36  Marine  
  56  5:37  Marine x3  
  60  5:54  Marine x3  
  60  5:55  Marine  
  48  6:12  Marine x3  
  48  6:14  SCV x2  
  48  6:16  Orbital Command  
  53  6:21  Armory  
  53  6:22  Factory Tech Lab  
  53  6:26  SCV  
  53  6:27  SCV  
  55  6:38  SCV  
  48  6:44  Marine  
  48  6:45  Marine x3  
  48  6:50  SCV x2  
  48  6:53  Refinery  
  50  6:54  Siege Tank  
  53  7:02  SCV, Marine  
  53  7:03  SCV, Marine x3  
  59  7:14  SCV  
  59  7:15  SCV, Orbital Command  
  61  7:20  Marine  
  62  7:26  SCV  
  62  7:27  SCV, Marine x2  
  62  7:29  Concussive Shells  
  67  7:30  Marauder  
  68  7:38  SCV, Marine  
  68  7:39  Siege Tank  
  68  7:42  SCV x2  
  75  7:48  Refinery  
  75  7:51  Terran Infantry Weapons Level 2  
  75  7:56  Engineering Bay  
  75  8:01  SCV x3  
  78  8:10  Marine x2  
  78  8:11  Marine x2  
  82  8:13  SCV x3  
  82  8:17  Barracks  
  85  8:20  Barracks  
  85  8:28  Marine x3  
  85  8:30  SCV  
  85  8:31  SCV x2  
  92  8:35  Marauder  
  93  8:49  SCV x3, Marine x3  
  93  8:50  Terran Infantry Armor Level 1  
  93  8:52  Siege Tank  
  93  8:53  Supply Depot  
  102  8:57  Marauder  
  102  9:01  SCV  
  102  9:02  SCV x2  
  107  9:03  Starport  
  107  9:07  Marine x3, Barracks  
  93  9:14  SCV  
  71  9:18  Marauder  
  71  9:19  Marine  
  71  9:20  Marine  
  49  9:25  Marine x3  
  39  9:37  Marine  
  39  9:38  Marine  
  41  9:39  Marauder  
  41  9:43  Marine x3  
  43  9:55  Marine  
  43  9:56  Marine  
  43  10:00  Marine  
  43  10:01  Marauder  
Show
View Real Time Build Order
Export as new Build Order

Pumba Protoss - Winner!

Build Orders: 1 Gate Expand, Phoenix Opening 

Get SALT Encoding   

  12  0:01  Probe  
  13  0:13  Probe  
  14  0:19  Pylon  
  14  0:25  Probe  
  15  0:37  Probe (Chrono Boost)  
  15  0:40  Gateway  
  16  0:47  Probe (Chrono Boost)  
  17  0:50  Assimilator  
  17  0:54  Probe  
  18  1:06  Probe  
  19  1:18  Probe  
  20  1:25  Nexus  
  20  1:37  Cybernetics Core  
  20  1:39  Probe  
  21  1:50  Assimilator  
  21  1:51  Probe  
  22  1:59  Pylon  
  22  2:03  Probe  
  23  2:15  Adept (Chrono Boost)  
  23  2:17  Probe  
  26  2:26  Stargate  
  26  2:29  Probe  
  27  2:35  Warp Gate  
  27  2:39  Adept (Chrono Boost)  
  29  2:50  Probe (Chrono Boost)  
  31  2:54  Probe (Chrono Boost)  
  31  3:00  Probe (Chrono Boost)  
  31  3:03  Probe (Chrono Boost)  
  31  3:04  Adept  
  31  3:05  Probe (Chrono Boost)  
  33  3:11  Phoenix (Chrono Boost)  
  38  3:13  Probe  
  38  3:16  Probe  
  40  3:25  Probe  
  41  3:28  Probe  
  41  3:30  Pylon  
  41  3:34  Phoenix (Chrono Boost)  
  42  3:37  Probe  
  42  3:39  Gateway  
  42  3:41  Gateway  
  45  3:43  Probe  
  46  3:49  Probe  
  46  3:50  Phoenix (Chrono Boost)  
  49  3:56  Probe  
  49  4:01  Pylon  
  50  4:04  Pylon  
  50  4:07  Phoenix (Chrono Boost)  
  52  4:16  Probe  
  54  4:17  Probe  
  54  4:21  Nexus  
  54  4:25  Pylon  
  54  4:29  Probe x2  
  56  4:47  Adept x2  
  56  4:48  Adept  
  56  4:49  Probe  
  56  4:51  Phoenix  
  65  4:54  Pylon  
  65  5:03  Twilight Council  
  65  5:05  Forge  
  65  5:08  Probe  
  65  5:09  Probe  
  67  5:24  Gateway  
  67  5:26  Gateway  
  67  5:27  Adept x3  
  73  5:30  Shield Battery, Gateway x2  
  73  5:33  Shield Battery, Charge (Chrono Boost)  
  73  5:40  Probe  
  74  5:43  Protoss Ground Weapons Level 1 (Chrono Boost), Gateway  
  74  6:09  Probe x3  
  77  6:13  Pylon  
  77  6:16  Pylon  
  77  6:21  Probe  
  78  6:28  Robotics Facility  
  72  6:52  Sentry  
  74  6:55  Probe x3  
  77  7:01  Assimilator  
  77  7:03  Assimilator x2  
  77  7:05  Zealot x7  
  77  7:06  Assimilator, Blink  
  77  7:07  Probe  
  92  7:11  Probe x2  
  94  7:20  Pylon  
  94  7:21  Probe (Chrono Boost)  
  94  7:22  Pylon  
  95  7:23  Probe x2 (Chrono Boost)  
  95  7:29  Nexus  
  97  7:31  Pylon  
  97  7:33  Pylon  
  97  7:35  Probe x2 (Chrono Boost)  
  97  7:36  Probe (Chrono Boost)  
  100  7:40  Warp Prism (Chrono Boost), Probe x2 (Chrono Boost)  
  100  7:43  Probe  
  105  7:51  Robotics Bay  
  105  7:52  Robotics Facility, Probe  
  105  7:55  Probe, Protoss Ground Armor Level 1 (Chrono Boost)  
  107  8:07  Zealot x8  
  123  8:32  Pylon  
  123  8:34  Pylon  
  123  8:36  Pylon  
  123  8:43  Zealot x8  
  119  9:23  Stalker x4  
  119  9:24  Stalker x4  
  127  9:25  Disruptor x2 (Chrono Boost)  
  127  9:26  Probe  
  127  9:27  Probe x2  
  127  9:29  Assimilator  
  134  9:31  Assimilator  
  134  9:48  Photon Cannon  
  134  9:50  Shield Battery, Photon Cannon  
  134  9:52  Shield Battery  
  134  10:00  Photon Cannon  
  134  10:01  Shield Battery  
  134  10:03  Photon Cannon  
  134  10:05  Shield Battery  
Tags
 
Add a new tag
Caveats
  • Supply blocks, unpowered buildings, or Contaminate may cause inaccurate times.
  • Supply counts are checked every 10 seconds.